 Dungeon Crawl Stone Soup version 0.30-a0-596-g0af90f9a20 (webtiles) character file.

Game seed: 9893444212734577280

12755 wormed the Transmogrifier (level 11, -8/90 HPs)
             Began as an Octopode Transmuter on Jan 7, 2023.
             Was an Initiate of Gozag.
             Mangled by a killer bee (11 damage)
             ... on level 11 of the Dungeon.
             The game lasted 00:23:18 (13948 turns).

wormed the Transmogrifier (Octopode Transmuter)    Turns: 13948, Time: 00:23:19

Health: -8/90      AC: 11    Str: 10    XL:     11   Next: 98%
Magic:  17/21      EV: 13    Int: 31    God:    Gozag
Gold:   354        SH:  0    Dex: 15    Spells: 17/23 levels left

rFire   x . .      SeeInvis +      - Unarmed
rCold   + + +      Faith    .    (shield currently unavailable)
rNeg    . . .      Spirit   .    (helmet currently unavailable)
rPois   +          Reflect  .    g - amulet of regeneration
rElec   .          Harm     .    p - ring of Vipuytag {rCorr Dex+2 SInv}
rCorr   +          Rampage  .    q - +6 ring of intelligence
Will    .....                    v - +6 ring of intelligence
Stlth   +                        (no ring)
HPRegen 1.15/turn                (no ring)
MPRegen 0.17/turn                (no ring)
                                 (no ring)
                                 (no ring)

@: ice-form, wereblooded, gold aura
A: freezing attack, boosted hp, almost no armour, amphibious, 8 rings, large,
(camouflage 1), (gelatinous body 1), (nimble swimmer 1), (tentacles)
a: End Transformation, Renounce Religion, Potion Petition, Call Merchant, Bribe
Branch


You were on level 11 of the Dungeon.
You worshipped Gozag.
Gozag was aware of your devotion.
You were a creature of crystalline ice.
You visited 2 branches of the dungeon, and saw 12 of its levels.
You also visited: Bailey.

You collected 2721 gold pieces.
You spent 844 gold pieces at shops.
You paid 1523 gold pieces to Gozag.

Inventory:

Armour
 i - a +1 hat (melded)
Jewellery
 g - an amulet of regeneration (around neck)
 p - the ring of Vipuytag (left front paw) {rCorr Dex+2 SInv}
   (You found it on level 6 of the Dungeon)

   [ring of resist corrosion]

   Dex:       It affects your dexterity (+2).
   SInv:      It lets you see invisible.
   rCorr:     It protects you from acid and corrosion.
 q - a +6 ring of intelligence (right front paw)
 v - a +6 ring of intelligence (on tentacle)
Wands
 j - a wand of quicksilver (1)
 s - a wand of flame (13) (quivered)
Scrolls
 c - 3 scrolls of teleportation
 o - a scroll of enchant weapon
 r - a scroll of amnesia
Potions
 d - 3 potions of mutation
 e - 2 potions of attraction
 f - a potion of cancellation
 l - a potion of magic
 m - 5 potions of flight


   Skills:
 + Level 7.1 Fighting
 + Level 7.5 Dodging
 + Level 7.7 Unarmed Combat
 + Level 6.9 Spellcasting
 * Level 10.5 Transmutations
 - Level 4.0 Ice Magic
 + Level 5.2 Air Magic


You had 17 spell levels left.
You knew the following spells:

 Your Spells              Type           Power      Damage    Failure   Level
a - Ice Form              Ice/Tmut       54%        N/A       2%          4
b - Wereblood             Tmut           66%        N/A       1%          2

Your spell library contained the following spells:

 Spells                   Type           Power      Damage    Failure   Level
 Beastly Appendage        Tmut           100%       N/A       1%          1
 Shock                    Conj/Air       100%       1d9       1%          1
 Spider Form              Tmut/Pois      43%        N/A       1%          3
 Swiftness                Air            43%        N/A       1%          3
 Ensorcelled Hibernation  Hex/Ice        46%        N/A       3%          2
 Magic Dart               Conj           40%        1d5       4%          1
 Airstrike                Air            21%        2d(4-20)  4%          4
 Petrify                  Tmut/Erth      43%        N/A       4%          4
 Call Imp                 Summ           10%        N/A       7%          2
 Sublimation of Blood     Necr           10%        N/A       7%          2
 Mephitic Cloud           Conj/Pois/Air  21%        N/A       7%          3
 Gell's Gravitas          Tloc           10%        N/A       14%         3
 Teleport Other           Tloc           10%        N/A       14%         3
 Irradiate                Conj/Tmut      21%        3d18      14%         5
 Anguish                  Hex/Necr       5%         N/A       41%         4
 Leda's Liquefaction      Hex/Erth       5%         N/A       41%         4
 Olgreb's Toxic Radiance  Pois           10%        N/A       41%         4
 Statue Form              Tmut/Erth      28%        N/A       61%         6
 Lee's Rapid Deconstruct  Erth           5%         3d6*      77%         5
 Dispersal                Tloc           5%         N/A       100%        6
 Ozocubu's Refrigeration  Ice            17%        4d11      100%        7
 Ignition                 Fire           5%         3d4       100%        8


Dungeon Overview and Level Annotations

Branches:
Dungeon (11/15)            Temple (1/1) D:6            Lair (0/5) D:11
 Bailey (visited)
    Orc: D:9-12

Altars:
Ashenzari
Cheibriados
Dithmenos
Elyvilon
Fedhas
Gozag
Hepliaklqana
Kikubaaqudgha
Makhleb
Nemelex Xobeh
Okawaru
Qazlal
Ru
Sif Muna
Trog
Uskayaw
Vehumet
Wu Jian
Xom
Yredelemnul
Zin
The Shining One

Shops:
D:1 *   D:6 ?   D:9 =?


Innate Abilities, Weirdness & Mutations

You are a creature of crystalline ice.
You have a powerful freezing melee attack.
Your maximum health is increased.
Your armour is entirely melded.
You are incapable of wielding weapons or throwing items.
You cannot wear most types of armour.
You are amphibious.
You can wear up to eight rings at the same time.
((Your skin changes colour to match your surroundings (Stealth+).))
((Your rubbery body absorbs attacks. (AC +1, EV +1)))
((You are camouflaged when in or above water. (Stealth+)))
((You have tentacles for arms and can constrict up to eight enemies at once.))


Message History

The queen bee calls on the killer bee to defend it!
The killer bee goes berserk!
The queen bee calls on the killer bee to defend it!
The killer bee goes berserk!
The killer bee stings you but does no damage. x2
You barely miss the killer bee. The killer bee stings you. x3
* * * LOW HITPOINT WARNING * * *
The killer bee stings you!
* * * LOW HITPOINT WARNING * * *
The queen bee misses you.
You feel better. The killer bee barely misses you. x2
The killer bee stings you!
* * * LOW HITPOINT WARNING * * *
The killer bee misses you. The killer bee stings you!
* * * LOW HITPOINT WARNING * * *
The killer bee is distracted by your dazzling golden aura.
The queen bee stings you but does no damage.
You need at least 400 gold to purchase potions right now!
Okay, then.
Aiming: Throw Flame
Press: ? - help, Q - select action, (/) - cycle Shift-Dir - straight line, f - killer bee
Aim: a killer bee (berserk, unaware, hasn't noticed you, 39% to hit)
The puff of flame hits the killer bee.
The killer bee is moderately wounded.
The killer bee is no longer distracted by gold.
The killer bee buzzes angrily.
The killer bee stings you.
* * * LOW HITPOINT WARNING * * *
The killer bee stings you but does no damage.
The killer bee misses you. The killer bee stings you.
* * * LOW HITPOINT WARNING * * *
The killer bee closely misses you. x2; The queen bee barely misses you.
You feel better. The killer bee closely misses you. The killer bee misses you.
The killer bee stings you.
* * * LOW HITPOINT WARNING * * *
The killer bee stings you!
* * * LOW HITPOINT WARNING * * *
The killer bee misses you. The killer bee stings you!
You die...
Your body crumbles into a pile of gold.

..........###.###
...........##.#
...........##.#
............#'######
P.......P..........#
...................#
....>..............#
..P...P............#
....P..........yYy.#
...P.........###y###
...........####..#
...........##...##
..........# #'###
(..... .P #†† ......
#!! .....P #!!
...... #††


You could see a queen bee and 2 killer bees.

Vanquished Creatures
  Gastronok (D:9)
  Urug (D:10)
  An ugly thing (D:10)
  A cyclops (D:10)
  An unseen horror (D:10)
  A troll (D:11)
  Prince Ribbit (D:7)
  A shadow (D:11)
  2 wraiths
  2 vampires
  19 yaks
  Grum (D:11)
  An acid dragon (D:11)
  4 water moccasins (D:11)
  6 orc warriors
  Duvessa (D:6)
  An ice beast (D:6)
  A black bear (D:5)
  4 ogres
  A centaur (D:9)
  4 wolves (D:11)
  2 kobold brigands
  A phantom (D:4)
  2 bullfrogs
  5 scorpions
  2 necrophages
  13 wights
  Dowan (D:6)
  31 killer bees
  A jelly (D:6)
  5 hounds
  4 orc priests
  2 gnoll boudas
  Crazy Yiuf (D:6)
  Jessica (D:3)
  4 iguanas
  9 orc wizards
  Robin (D:2)
  15 gnolls
  9 adders
  2 shadow imps (D:6)
  A white imp (D:5)
  2 worms (D:4)
  6 dart slugs
  26 orcs
  3 ball pythons
  4 endoplasms
  7 giant cockroaches
  12 goblins
  9 hobgoblins
  9 jackals
  3 quokkas (D:1)
  7 bats
  5 frilled lizards
  25 kobolds
  6 rats
291 creatures vanquished.

Vanquished Creatures (others)
  52 fungi (D:11)
  56 plants (D:11)
108 creatures vanquished.

Grand Total: 399 creatures vanquished

Notes
Turn   | Place    | Note
-------+----------+-------------------------------------------
     0 | D:1      | wormed the Octopode Transmuter began the quest for the Orb.
     0 | D:1      | Reached XP level 1. HP: 13/13 MP: 3/3
    83 | D:1      | Found Jimuc's Assorted Antiques.
   111 | D:1      | Reached XP level 2. HP: 15/18 MP: 3/5
   989 | D:1      | Reached XP level 3. HP: 20/23 MP: 3/6
   992 | D:1      | Learned a level 2 spell: Wereblood
  1211 | D:2      | Noticed Robin
  1481 | D:2      | Killed Robin
  1766 | D:2      | Reached skill level 3 in Transmutations
  1768 | D:2      | Reached XP level 4. HP: 28/28 MP: 4/7
  1890 | D:2      | Reached skill level 1 in Ice Magic
  2395 | D:2      | Learned a level 4 spell: Ice Form
  2542 | D:3      | Noticed Jessica
  2551 | D:3      | Killed Jessica
  2570 | D:3      | Reached XP level 5. HP: 34/34 MP: 2/8
  3350 | D:3      | Found an ancient bone altar of Kikubaaqudgha.
  3350 | D:3      | Found an iron altar of Okawaru.
  3351 | D:3      | Found a shadowy altar of Dithmenos.
  3352 | D:3      | Found a bloodstained altar of Trog.
  3574 | D:4      | Reached XP level 6. HP: 39/39 MP: 4/10
  3660 | D:4      | Reached skill level 4 in Transmutations
  3792 | D:4      | Reached XP level 7. HP: 45/45 MP: 6/11
  5031 | D:5      | Entered Level 5 of the Dungeon
  5104 | D:5      | Reached skill level 5 in Transmutations
  5157 | D:5      | Found a stormy altar of Qazlal.
  5500 | D:5      | Reached XP level 8. HP: 52/52 MP: 1/13
  6419 | D:6      | Noticed Dowan
  6511 | D:6      | Reached skill level 6 in Transmutations
  6594 | D:6      | Found a runed translucent door.
  6594 | D:6      | Noticed Crazy Yiuf
  6806 | D:6      | Found a staircase to the Ecumenical Temple.
  6814 | Temple   | Entered the Ecumenical Temple
  6887 | Temple   | Became a worshipper of Gozag Ym Sagoz the Greedy
  6937 | D:6      | Reached skill level 5 in Unarmed Combat
  7035 | D:6      | Identified the ring of Vipuytag {rCorr Dex+2 SInv}
  7067 | D:6      | Found Cyal's Magic Scroll Shop.
  7075 | D:6      | Bought a scroll of identify for 26 gold pieces
  7075 | D:6      | Bought a scroll of identify for 26 gold pieces
  7144 | D:6      | Reached XP level 9. HP: 58/58 MP: 10/15
  7305 | D:6      | Noticed Duvessa
  7323 | D:6      | Killed Duvessa
  7326 | D:6      | Killed Dowan
  7533 | D:6      | Found a basalt altar of Yredelemnul.
  7842 | D:6      | Killed Crazy Yiuf
  8248 | D:7      | Noticed Prince Ribbit
  8254 | D:7      | Killed Prince Ribbit
  8255 | D:7      | Reached skill level 5 in Dodging
  8389 | D:7      | Reached skill level 7 in Transmutations
  9157 | D:8      | Reached skill level 1 in Air Magic
  9612 | D:9      | Reached skill level 5 in Fighting
  9612 | D:9      | Reached skill level 5 in Spellcasting
  9715 | D:9      | Found a flagged portal.
  9854 | Bailey   | Entered a bailey
  9930 | Bailey   | Noticed an orc knight
 10387 | Bailey   | Reached XP level 10. HP: 66/66 MP: 14/17
 10611 | D:9      | Reached skill level 8 in Transmutations
 11297 | D:9      | Noticed Gastronok
 11338 | D:9      | Killed Gastronok
 11339 | D:9      | Reached skill level 9 in Transmutations
 11752 | D:9      | Bought an amulet of regeneration for 360 gold pieces
 11783 | D:10     | Entered Level 10 of the Dungeon
 11919 | D:10     | Reached XP level 11. HP: 67/72 MP: 15/20
 12063 | D:10     | Noticed a cyclops
 12072 | D:10     | Killed a cyclops
 12199 | D:10     | Noticed a cyan ugly thing
 12593 | D:10     | Killed a cyan ugly thing
 12804 | D:10     | Found a shimmering blue altar of Sif Muna.
 12889 | D:9      | Bought a +6 ring of intelligence for 432 gold pieces
 13016 | D:11     | Found a staircase to the Lair.
 13019 | D:11     | Reached skill level 10 in Transmutations
 13019 | D:11     | Noticed Urug
 13201 | D:10     | Killed Urug
 13508 | D:11     | Noticed Grum
 13541 | D:11     | Killed Grum
 13542 | D:11     | Reached skill level 5 in Air Magic
 13948 | D:11     | HP: 3/90 [killer bee (10)]
 13948 | D:11     | Mangled by a killer bee

Illustrated notes

Levels and vault maps discovered:
D:1:      psy_arrival_conway, layout_basic, serial_shops,
          nicolae_shop_hallway_stairs
D:2:      layout_loops_corners, uniq_robin
D:3:      layout_rooms, minitemple, uniq_jessica
D:4:      minmay_recursive_quarters, layout_cave_pods
D:5:      layout_basic, mainiacjoe_overflow_alcove_2, minivault_27
D:6:      layout_basic, general_overflow_altar, minmay_temple_entry_junction,
          serial_shops, nicolae_shop_advertising_works
          [nicolae_subvault_shop_adworks], uniq_duvessa, uniq_crazy_yiuf_cottage
D:7:      layout_loops_ring, uniq_prince_ribbit1
D:8:      layout_rooms, minmay_misc_feat_room
D:9:      layout_roguey, enter_bailey_8, serial_bayou_pond_c, uniq_gastronok
D:10:     layout_roguey, lemuel_blue_sif_altar, nicolae_fountain_basement
D:11:     layout_roguey [special_room_bee], due_lair_maze_entry_diamond,
          david_orc_1_choice, minivault_28, uniq_grum, uniq_urug
Temple:   eino_wide_crystal_templ

Skill      XL: |  1  2  3  4  5  6  7  8  9 10 11 |
---------------+----------------------------------+-----
Transmutations | 3 4 5 6 7 9 10 | 10.5
Ice Magic      | 1 2 3 4 |  4.0
Fighting       | 2 3 4 5 6 7 |  7.1
Dodging        | 3 4 5 6 7 |  7.5
Spellcasting   | 3 4 5 6 |  6.9
Unarmed Combat | 4 5 6 7 |  7.7
Air Magic      | 1 3 5 |  5.2

Action                   |  1- 3 |  4- 6 |  7- 9 | 10-12 || total
-------------------------+-------+-------+-------+-------++-------
Melee: Unarmed           |    77 |    86 |   315 |   365 ||   843
       Kick              |    24 |     2 |       |       ||    26
       Constrict         |    27 |     6 |     1 |     1 ||    35
       Tentacles         |    14 |     4 |     1 |     1 ||    20
       Punch             |     1 |     1 |       |       ||     2
 Cast: Beastly Appendage |    26 |     5 |       |       ||    31
       Wereblood         |     8 |     5 |    32 |    24 ||    69
       Ice Form          |       |    12 |    52 |    32 ||    96
Invok: Call Merchant     |       |       |       |     2 ||     2
Evoke: Wand              |       |       |     3 |     6 ||     9
  Use: Scroll            |       |     9 |     7 |     4 ||    20
       Potion            |       |       |     1 |    11 ||    12
 Stab: Sleeping          |     4 |     3 |       |       ||     7
       Distracted        |       |       |     2 |     2 ||     4
Armor: Skin              |     7 |    34 |    96 |   114 ||   251
Dodge: Dodged            |    53 |    37 |   160 |   260 ||   510

Table legend: (Time is in decaauts)
 A = Elapsed time spent in this place.
 B = Non-inter-level travel time spent in this place.
 C = Inter-level travel time spent in this place.
 D = Time resting spent in this place.
 E = Time spent auto-exploring this place.
 F = Levels seen in this place.
 G = Mean time per level.
                   A        B        C        D        E       F      G
               +--------+--------+--------+--------+--------+-----+--------+
         Total |  13846 |  13152 |    694 |    235 |  10627 |  13 | 1065.1 |
       Dungeon |  13128 |  12479 |    649 |    235 |  10291 |  11 | 1193.5 |
        Temple |    101 |     56 |     45 |      0 |     40 |   1 |  101.0 |
        Bailey |    615 |    615 |      0 |      0 |    296 |   1 |  615.0 |
               +--------+--------+--------+--------+--------+-----+--------+

Top non-repeatable levels by time:
     D:9: 1579 daAuts
     D:6: 1482 daAuts
     D:4: 1456 daAuts
    D:10: 1438 daAuts
     D:5: 1282 daAuts
     D:2: 1261 daAuts
     D:1: 1162 daAuts
     D:3: 1135 daAuts
     D:7: 922 daAuts
     D:8: 763 daAuts
    D:11: 643 daAuts
  Bailey: 615 daAuts
  Temple: 101 daAuts
